Map: Acropolis EC

Players

garitos - Winner!

  • Race: Zerg Zerg
  • League: Grandmaster
  • Spawn Location: 5:00

Dolan

  • Race: Terran Terran
  • League: Grandmaster
  • Spawn Location: 11:00

VOD

Have the link to the VOD?

Description

Time

  • Played on: July 10, 2019, 2:19 p.m.
  • Length: 15:10
Show
View Real Time Build Order
Export as new Build Order

garitos Zerg - Winner!

Build Orders: Hatch First 

Get SALT Encoding   

  12  0:00  Drone  
  13  0:13  Overlord  
  13  0:31  Drone x2  
  15  0:38  Drone  
  16  0:54  Hatchery  
  16  0:56  Drone  
  16  0:58  Drone  
  17  1:09  Extractor, Drone  
  17  1:23  Spawning Pool, Drone  
  17  1:36  Drone  
  18  1:40  Drone  
  19  1:56  Drone  
  20  2:09  Queen  
  20  2:10  Queen  
  20  2:11  Zergling x4  
  20  2:15  Metabolic Boost  
  26  2:26  Hatchery  
  26  2:27  Drone  
  26  2:31  Drone  
  27  2:37  Drone  
  27  2:38  Extractor  
  27  2:39  Drone  
  28  2:45  Overlord  
  29  3:04  Extractor  
  29  3:05  Drone x5  
  32  3:11  Queen  
  36  3:33  Overlord  
  36  3:37  Drone x2  
  36  3:38  Drone  
  36  3:39  Overlord, Drone  
  36  3:40  Drone x2  
  42  3:43  Baneling Nest  
  42  3:46  Drone  
  42  3:51  Queen x2  
  42  3:54  Zergling x2  
  42  3:55  Zergling x4  
  49  4:00  Queen  
  49  4:01  Zergling x2  
  49  4:02  Zergling x2  
  53  4:04  Drone  
  53  4:05  Drone  
  53  4:09  Overlord  
  55  4:16  Drone  
  55  4:17  Drone x2  
  58  4:20  Overlord  
  58  4:28  Overlord  
  58  4:29  Lair  
  58  4:30  Drone x3  
  61  4:33  Drone x2  
  61  4:35  Drone  
  61  4:37  Drone  
  65  4:39  Drone x2  
  65  4:45  Extractor  
  66  4:47  Drone x3  
  66  4:49  Drone  
  66  4:50  Drone  
  71  4:54  Overlord  
  71  4:59  Drone x2  
  74  5:00  Drone  
  74  5:03  Drone  
  73  5:13  Drone x4  
  77  5:14  Drone x2  
  77  5:18  Zergling x4  
  79  5:24  Drone x6  
  81  5:39  Hatchery  
  81  5:42  Evolution Chamber  
  79  5:43  Centrifical Hooks  
  79  5:45  Evolution Chamber, Overlord  
  79  5:46  Drone  
  79  5:47  Drone  
  80  5:52  Overlord  
  80  5:55  Drone  
  80  5:56  Overlord  
  81  6:03  Hydralisk Den, Extractor, Drone  
  81  6:04  Drone  
  81  6:05  Drone x3  
  81  6:06  Extractor  
  81  6:08  Drone  
  81  6:09  Drone x2  
  86  6:18  Zerg Ground Armor Level 1  
  86  6:19  Overlord x2  
  86  6:21  Extractor  
  86  6:23  Drone x5  
  90  6:26  Drone x3  
  90  6:27  Extractor  
  90  6:31  Drone x2  
  90  6:32  Drone  
  95  6:33  Overlord x2  
  95  6:34  Hatchery  
  94  6:41  Overseer  
  94  6:47  Grooved Spines  
  94  7:00  Overlord x2  
  94  7:01  Zergling x22  
  105  7:05  Zerg Melee Weapons Level 1  
  105  7:07  Hydralisk x2  
  105  7:08  Evolution Chamber  
  108  7:12  Hydralisk  
  108  7:15  Hydralisk x3  
  110  7:17  Zergling x6  
  110  7:19  Extractor  
  110  7:20  Extractor  
  117  7:29  Hydralisk x6  
  117  7:35  Hydralisk x2  
  131  7:38  Queen  
  131  7:41  Baneling x4  
  131  7:42  Baneling  
  131  7:44  Zergling x6, Queen  
  134  7:50  Overlord  
  136  7:55  Hydralisk x2  
  136  7:56  Hydralisk  
  141  8:01  Hydralisk x2  
  141  8:05  Overlord  
  145  8:06  Drone  
  145  8:07  Drone x7  
  145  8:08  Zergling x2  
  145  8:12  Zergling x4  
  156  8:13  Overlord  
  156  8:22  Zergling x14  
  161  8:32  Infestation Pit, Muscular Augments  
  161  8:33  Zerg Missile Weapons Level 1, Zerg Ground Armor Level 2, Zergling x2  
  161  8:34  Zergling x8  
  165  8:36  Zergling x4  
  165  8:40  Zergling x6  
  165  8:41  Zergling x2  
  171  8:45  Overlord  
  171  8:47  Overlord  
  171  8:58  Zergling x10  
  171  9:01  Baneling  
  171  9:02  Baneling x19  
  176  9:03  Baneling x2  
  176  9:04  Baneling x2  
  176  9:08  Zergling x4  
  176  9:13  Zergling x2, Hive  
  176  9:16  Baneling x8  
  167  9:18  Hatchery  
  167  9:22  Zergling x2  
  166  9:24  Hydralisk  
  166  9:30  Hydralisk x3  
  174  9:31  Hydralisk  
  174  9:32  Hydralisk  
  174  9:33  Hydralisk x2  
  174  9:34  Zergling x2  
  174  9:36  Zergling x4  
  174  9:37  Zergling x2  
  186  9:43  Hydralisk x3  
  173  9:55  Hydralisk x2  
  173  9:56  Hydralisk x5  
  138  10:03  Zergling x2  
  138  10:04  Zergling x12  
  138  10:05  Drone  
  138  10:07  Baneling x3  
  138  10:08  Baneling x3  
  138  10:09  Baneling x2  
  138  10:10  Zergling x4  
  138  10:13  Zergling x4  
  143  10:14  Zergling x4  
  143  10:19  Hydralisk x2  
  148  10:27  Viper x2  
  148  10:28  Zergling x4  
  156  10:30  Baneling x6  
  156  10:31  Zergling x4  
  158  10:37  Zergling x6  
  158  10:39  Baneling x4  
  158  10:40  Baneling x5  
  158  10:41  Zergling x4  
  163  10:45  Zergling x6  
  163  10:46  Zergling x2  
  163  10:48  Zergling x6  
  163  10:49  Zergling x2  
  171  10:58  Hydralisk x3  
  171  11:00  Hydralisk  
  171  11:03  Zergling x10  
  182  11:08  Hydralisk x4  
  182  11:10  Zergling x2  
  185  11:12  Hydralisk, Zergling x4  
  185  11:15  Baneling x6  
  185  11:20  Hydralisk x2  
  185  11:22  Hydralisk  
  185  11:25  Zergling x2  
  186  11:26  Zergling x4  
  186  11:27  Zergling x2  
  186  11:29  Baneling x4  
  186  11:30  Baneling  
  178  11:34  Zergling x6  
  178  11:36  Zergling x4  
  135  11:51  Hydralisk  
  135  11:52  Hydralisk x3  
  129  11:55  Zergling x6  
  132  12:02  Zergling x2  
  132  12:07  Zergling x2, Adrenal Glands  
  132  12:08  Zergling x12  
  140  12:09  Zergling x2  
  140  12:15  Ultralisk Cavern  
  140  12:18  Drone x2  
  140  12:19  Drone  
  143  12:23  Drone  
  143  12:26  Drone x3  
  147  12:34  Baneling x12  
  147  12:52  Zergling x6  
  147  12:56  Zergling x16, Hatchery  
  147  12:57  Zergling x2  
  150  13:17  Zergling x2  
  148  13:22  Zergling x38  
  167  13:30  Chitinous Plating  
  167  13:31  Zergling x4  
  167  13:32  Zergling x6  
  169  13:37  Zergling x4  
  169  13:40  Zergling x2  
  170  13:52  Baneling x12  
  155  14:08  Zergling x6  
  152  14:12  Ultralisk x2  
  152  14:13  Ultralisk  
  152  14:16  Overlord  
  170  14:18  Zergling x4  
  170  14:19  Zergling x2  
  152  14:34  Baneling x13  
  152  14:35  Baneling x2, Zergling x2  
  152  14:36  Zergling x14  
  152  14:37  Zergling x2  
  160  14:44  Zergling x14  
  165  14:46  Zergling x2  
Show
View Real Time Build Order
Export as new Build Order

Dolan Terran 

Build Orders: Gas First Reaper Expand, Liberator Opening 

Get SALT Encoding   

  12  0:00  SCV  
  13  0:13  SCV  
  14  0:17  Supply Depot  
  14  0:25  SCV  
  14  0:28  Refinery  
  15  0:38  SCV  
  16  0:45  Barracks  
  16  0:51  SCV  
  17  1:03  SCV  
  18  1:15  SCV  
  19  1:31  Orbital Command  
  19  1:32  Reaper  
  20  1:44  Command Center  
  20  1:57  SCV  
  20  2:01  Factory  
  21  2:06  Barracks Reactor  
  21  2:09  SCV  
  21  2:12  Supply Depot  
  22  2:17  Refinery  
  22  2:21  SCV  
  23  2:34  SCV  
  24  2:46  SCV, Starport  
  25  2:54  Marine  
  25  2:55  Hellion x2  
  30  2:59  Orbital Command  
  30  3:00  SCV  
  31  3:12  SCV  
  32  3:13  Barracks Tech Lab  
  32  3:17  Hellion x2  
  36  3:21  Liberator  
  36  3:27  SCV  
  36  3:28  SCV  
  38  3:34  Supply Depot  
  38  3:41  Hellion x2  
  44  3:44  SCV x2  
  44  3:46  Barracks Tech Lab  
  46  4:00  Supply Depot  
  46  4:02  SCV x2  
  48  4:05  Marine  
  48  4:06  Stimpack  
  49  4:14  SCV x2  
  51  4:23  Command Center  
  51  4:27  Siege Tank, Marine  
  55  4:34  SCV x2  
  57  4:45  Starport Reactor  
  57  4:46  Barracks  
  57  4:49  Barracks  
  57  4:54  SCV x2  
  57  4:58  Engineering Bay  
  57  4:59  Engineering Bay  
  59  5:06  SCV x2  
  59  5:10  Marine  
  60  5:17  Siege Tank  
  60  5:18  SCV x2  
  52  5:30  SCV x2  
  52  5:31  Terran Infantry Armor Level 1, Terran Infantry Weapons Level 1, Starport Reactor  
  52  5:33  Refinery  
  52  5:34  Marine  
  52  5:35  Barracks  
  55  5:37  Refinery  
  55  5:39  Orbital Command  
  55  5:40  Barracks  
  55  5:43  SCV x2  
  55  5:45  Marine x4  
  61  5:50  Siege Tank  
  61  5:53  Supply Depot  
  64  5:58  Marine  
  64  6:00  Orbital Command  
  64  6:02  SCV  
  64  6:03  Marine x4  
  70  6:04  SCV  
  71  6:15  Combat Shield  
  71  6:18  SCV x2  
  73  6:24  Armory  
  73  6:25  Supply Depot  
  73  6:28  Medivac x2, Marine x2  
  73  6:29  Marine x2  
  73  6:30  Marine  
  73  6:32  SCV x3  
  85  6:41  Barracks Reactor x2  
  85  6:47  SCV x3  
  85  6:52  Marine x3, Supply Depot  
  85  6:53  Marine x2, Supply Depot  
  93  7:13  Marine x5  
  93  7:14  Siege Tank  
  101  7:17  SCV  
  101  7:18  SCV, Supply Depot  
  101  7:19  SCV, Refinery, Supply Depot  
  101  7:21  Marine x3, Refinery  
  107  7:24  Supply Depot  
  107  7:25  Terran Infantry Armor Level 2, Terran Infantry Weapons Level 2  
  107  7:29  Marine  
  108  7:31  Marine  
  109  7:39  Marine x7  
  116  7:46  Marine  
  116  7:49  Marine  
  118  7:54  Siege Tank, Medivac x2  
  118  7:57  SCV x3, Marine x6  
  118  7:58  Marine  
  125  8:07  Factory, Terran Vehicle Weapons Level 1  
  125  8:09  SCV x3  
  125  8:10  Marine x2  
  130  8:14  Supply Depot  
  130  8:15  Marine x3  
  130  8:16  Supply Depot  
  130  8:17  Marine x4  
  137  8:24  Medivac x2  
  133  8:28  Marine x2  
  133  8:33  Siege Tank, Marine x3  
  139  8:35  Marine x3  
  139  8:38  Supply Depot  
  139  8:41  SCV, Supply Depot  
  143  8:49  Marine x2  
  143  8:50  Marine, Sensor Tower  
  143  8:51  Factory Tech Lab, Marine  
  147  8:58  Marine x3  
  147  8:59  Marine x2  
  152  9:03  Medivac x2  
  152  9:05  Siege Tank  
  152  9:07  Marine x3  
  161  9:22  Marine x5  
  161  9:24  Siege Tank  
  168  9:33  Medivac x2  
  160  9:53  Siege Tank  
  160  9:56  Marine x7  
  148  10:04  Siege Tank, Medivac x2  
  135  10:09  Marine x2  
  137  10:14  Marine x7  
  137  10:17  SCV x3  
  147  10:25  Siege Tank  
  147  10:26  Marine x2  
  147  10:27  Terran Infantry Weapons Level 3  
  152  10:29  SCV x3  
  152  10:32  Marine x2  
  157  11:04  Marine x2  
  157  11:05  Marine  
  157  11:08  Marine  
  157  11:13  Marine  
  157  11:21  Marine  
  157  11:22  Marine x2  
  157  11:23  Marine x3  
  157  11:24  Siege Tank, Medivac x2  
  143  11:44  Marine  
  143  11:45  Marine x4  
  143  11:46  Marine x3  
  126  11:49  Marine  
  126  11:51  Siege Tank  
  126  11:54  Medivac x2  
  118  11:59  Factory Tech Lab  
  114  12:02  Marine  
  114  12:03  Marine x2  
  117  12:15  Marine  
  118  12:20  Marine x8  
  118  12:21  Supply Depot x3  
  118  12:22  Supply Depot  
  126  12:28  Orbital Command  
  126  12:33  Supply Depot  
  126  12:34  Supply Depot  
  126  12:42  Siege Tank x2, Medivac, Marine x8  
  126  12:43  Medivac, Marine  
  140  13:16  Marine x9  
  146  13:33  Marine  
  146  13:34  Marine x3  
  147  13:37  Marine x5  
  155  13:44  Factory Tech Lab  
  155  13:46  Siege Tank  
  154  13:51  Marine  
  154  13:52  Marine x2  
  151  14:09  Siege Tank  
  135  14:10  Marine x9  
  144  14:18  Siege Tank  
  147  14:28  Marine x2  
  144  14:36  Marine  
  144  14:37  Marine x6  
  151  14:45  Marine  
  151  14:46  Marine  
Tags
 
Add a new tag
Caveats
  • Supply blocks, unpowered buildings, or Contaminate may cause inaccurate times.
  • Supply counts are checked every 10 seconds.